Map: Post-Youth LE

Players

MiKasa - Winner!

  • Race: Terran Terran
  • League: Grandmaster
  • Spawn Location: 1:00

WintersMonta

  • Race: Terran Terran
  • League: Master
  • Spawn Location: 7:00

VOD

Have the link to the VOD?

Description

Time

  • Played on: Aug. 31, 2024, 10:24 p.m.
  • Length: 14:56
Show
View Real Time Build Order
Export as new Build Order

MiKasa Terran - Winner!

Build Orders: Cyclone Opening, Mech 

Get SALT Encoding   

  12  0:01  SCV  
  13  0:13  SCV  
  14  0:17  Supply Depot  
  14  0:25  SCV  
  15  0:39  SCV  
  15  0:41  Refinery  
  16  0:45  Barracks  
  16  0:51  SCV  
  17  0:58  Refinery  
  17  1:03  SCV  
  18  1:15  SCV  
  19  1:32  Orbital Command  
  19  1:33  Reaper  
  20  1:43  Factory  
  20  1:53  Supply Depot  
  20  1:58  SCV  
  21  2:06  Reaper  
  22  2:10  SCV  
  23  2:22  SCV  
  24  2:31  Command Center  
  24  2:35  Cyclone  
  26  2:44  Starport  
  26  2:46  SCV  
  26  2:49  Barracks Reactor  
  27  2:56  Supply Depot  
  27  3:01  SCV  
  28  3:07  Cyclone  
  30  3:13  SCV  
  31  3:21  Medivac  
  31  3:25  Refinery, SCV  
  34  3:28  Marine x2  
  36  3:37  SCV  
  37  3:43  Orbital Command  
  37  3:46  Factory Tech Lab  
  37  3:54  Starport Tech Lab  
  37  3:56  Marine x2  
  37  4:00  SCV  
  40  4:05  Siege Tank  
  43  4:11  SCV  
  43  4:13  Raven  
  43  4:14  Interference Matrix  
  46  4:19  Supply Depot  
  46  4:25  SCV  
  46  4:26  SCV  
  48  4:38  Command Center  
  48  4:39  Siege Tank  
  48  4:43  Marine  
  48  4:44  Marine  
  48  4:45  SCV  
  54  4:54  SCV  
  54  4:56  Raven  
  54  4:57  Refinery  
  54  4:59  Supply Depot, SCV  
  58  5:06  Marine x2, SCV  
  61  5:11  SCV  
  61  5:12  Supply Depot  
  62  5:21  Siege Tank, SCV  
  66  5:23  SCV  
  67  5:33  SCV  
  68  5:40  SCV  
  65  5:45  Armory, SCV  
  65  5:46  Armory  
  66  5:50  Factory  
  66  5:52  SCV  
  66  5:55  Siege Tank  
  70  5:57  SCV  
  71  6:04  Viking x2  
  71  6:05  SCV  
  71  6:09  SCV  
  71  6:10  Supply Depot  
  77  6:12  Orbital Command  
  77  6:17  SCV  
  78  6:21  SCV  
  79  6:26  Factory  
  79  6:27  Engineering Bay  
  79  6:29  Siege Tank, SCV  
  83  6:33  SCV  
  84  6:40  Terran Vehicle Weapons Level 1  
  84  6:41  SCV  
  84  6:43  SCV  
  84  6:45  Supply Depot, SCV  
  87  6:48  Siege Tank  
  89  6:57  Viking  
  89  7:00  Refinery  
  91  7:01  Refinery  
  91  7:03  SCV  
  91  7:07  Supply Depot  
  91  7:08  Terran Vehicle And Ship Armor Level 1  
  92  7:10  Factory Reactor  
  92  7:12  SCV x2  
  92  7:14  Command Center  
  94  7:21  Siege Tank  
  97  7:25  Supply Depot  
  97  7:26  Supply Depot  
  97  7:29  Siege Tank  
  99  7:36  Missile Turret, SCV  
  100  7:37  Missile Turret x2  
  100  7:39  Sensor Tower  
  100  7:41  Infernal Pre-Igniter  
  100  7:43  SCV  
  101  7:46  SCV  
  101  7:47  Supply Depot  
  101  7:48  SCV  
  102  7:55  Viking, SCV  
  105  8:00  SCV  
  105  8:01  SCV, Sensor Tower  
  107  8:09  Siege Tank  
  107  8:12  Siege Tank  
  113  8:23  Viking  
  113  8:25  Missile Turret  
  115  8:28  Factory  
  115  8:29  Hellion x2  
  115  8:31  SCV x2  
  115  8:32  Factory  
  121  8:37  Terran Vehicle Weapons Level 2  
  119  8:41  Hellion  
  120  8:50  Siege Tank  
  120  8:51  SCV  
  120  8:52  SCV x2  
  120  8:55  Hellion x2  
  122  9:01  Missile Turret x2  
  122  9:09  Viking x2  
  124  9:11  Terran Vehicle And Ship Armor Level 2  
  124  9:14  Planetary Fortress  
  124  9:15  SCV  
  122  9:24  SCV  
  122  9:30  Refinery  
  122  9:36  Siege Tank  
  122  9:38  Siege Tank, Factory Tech Lab, Sensor Tower  
  126  9:39  Factory Tech Lab  
  126  9:40  Hellion  
  126  9:41  Hellion  
  126  9:44  Refinery  
  126  9:45  SCV x3  
  133  9:49  Supply Depot  
  133  9:55  Missile Turret  
  133  9:56  Missile Turret  
  133  10:00  SCV  
  133  10:01  SCV  
  133  10:07  Viking x2  
  137  10:11  SCV  
  137  10:12  Factory  
  137  10:13  Supply Depot  
  140  10:15  Missile Turret, SCV  
  141  10:25  Command Center, Siege Tank  
  144  10:30  SCV x2  
  144  10:31  Supply Depot  
  144  10:32  Supply Depot  
  142  10:37  Siege Tank x2, Hellion  
  142  10:38  Hellion  
  142  10:39  Smart Servos  
  152  10:48  Liberator x2  
  152  10:49  Siege Tank  
  155  10:58  Siege Tank, Terran Vehicle Weapons Level 3  
  158  11:05  Missile Turret  
  158  11:06  Command Center  
  158  11:08  Missile Turret  
  158  11:23  Thor  
  158  11:24  Thor  
  158  11:25  Factory Tech Lab  
  170  11:30  Factory  
  170  11:31  Viking x2  
  174  11:33  Terran Vehicle And Ship Armor Level 3  
  174  11:42  Hellion x2  
  174  11:45  Supply Depot, Orbital Command  
  178  11:59  Siege Tank  
  178  12:01  Viking x2  
  183  12:04  Thor  
  183  12:06  Missile Turret  
  191  12:20  Siege Tank  
  187  12:22  Siege Tank  
  187  12:28  Siege Tank, Factory Tech Lab  
  194  12:30  Hellion x2  
  194  12:31  Viking  
  194  12:35  Command Center  
  194  12:36  Siege Tank  
  196  12:59  Siege Tank  
  196  13:03  Neosteel Armor  
  198  13:10  Siege Tank x2  
  196  13:36  Refinery  
  196  13:37  Command Center  
  196  13:40  Refinery  
  193  13:41  Siege Tank  
  193  13:43  Thor, Siege Tank  
  193  13:44  Siege Tank  
  197  13:52  Viking  
  199  13:56  Planetary Fortress  
  199  13:58  Orbital Command  
  199  14:17  Missile Turret  
  199  14:18  Supply Depot  
  199  14:21  Starport x2  
  198  14:24  Refinery  
  198  14:41  Command Center, Missile Turret  
  198  14:43  Missile Turret  
  198  14:44  Missile Turret  
Show
View Real Time Build Order
Export as new Build Order

WintersMonta Terran 

Build Orders: Reaper Expand 

Get SALT Encoding   

  12  0:01  SCV  
  13  0:13  SCV  
  14  0:17  Supply Depot  
  14  0:25  SCV  
  15  0:39  SCV  
  15  0:41  Barracks  
  16  0:44  Refinery  
  16  0:51  SCV  
  17  1:03  SCV  
  18  1:15  SCV  
  19  1:28  Orbital Command  
  19  1:29  Reaper  
  20  1:41  Command Center  
  20  1:48  Supply Depot  
  20  1:54  SCV  
  20  2:01  Reaper  
  22  2:06  SCV  
  23  2:09  Refinery  
  23  2:18  SCV  
  23  2:22  Factory  
  24  2:30  SCV  
  25  2:37  Barracks Reactor  
  25  2:43  SCV  
  26  2:54  Orbital Command  
  26  2:55  SCV  
  27  3:07  SCV  
  27  3:09  Starport  
  28  3:16  Refinery  
  28  3:19  SCV  
  29  3:20  Hellion x2  
  29  3:21  SCV  
  29  3:26  Supply Depot  
  29  3:27  Barracks Tech Lab  
  34  3:31  SCV  
  34  3:33  SCV  
  36  3:42  Hellion x2  
  36  3:43  SCV  
  36  3:45  SCV  
  42  3:54  Barracks Tech Lab  
  42  3:55  SCV  
  43  3:59  Command Center  
  43  4:01  Raven  
  43  4:02  SCV  
  46  4:07  Cyclone  
  48  4:15  Supply Depot  
  48  4:16  SCV  
  49  4:18  SCV  
  49  4:28  Interference Matrix, SCV  
  49  4:30  SCV  
  51  4:34  Supply Depot  
  51  4:35  Liberator  
  56  4:40  SCV  
  56  4:42  SCV  
  56  4:43  Refinery  
  52  4:54  SCV x2  
  54  5:06  SCV x2  
  56  5:08  Marine x2, Siege Tank, Barracks  
  56  5:09  Barracks  
  56  5:12  Orbital Command  
  61  5:16  Engineering Bay  
  61  5:17  Engineering Bay  
  61  5:18  SCV  
  61  5:19  Raven, SCV  
  59  5:30  SCV  
  59  5:31  SCV  
  60  5:38  SCV  
  61  5:43  Siege Tank, SCV x2  
  66  5:50  SCV  
  66  5:55  SCV x2  
  69  6:01  Barracks Reactor x2  
  69  6:07  SCV x2  
  69  6:09  Viking, Orbital Command  
  69  6:10  Viking, Marine  
  76  6:17  Siege Tank  
  79  6:18  Terran Infantry Weapons Level 1, Terran Infantry Armor Level 1  
  79  6:19  SCV x2  
  79  6:21  Supply Depot x2, Stimpack  
  81  6:27  Barracks  
  81  6:30  Barracks  
  81  6:31  SCV x2  
  81  6:32  Marine  
  78  6:43  SCV x2  
  79  6:47  Marine  
  79  6:48  Marine x3  
  79  6:49  Viking x2  
  79  6:50  SCV  
  79  6:52  Marine  
  88  6:55  SCV x2  
  90  7:02  Siege Tank, Refinery, SCV  
  90  7:03  Refinery  
  90  7:05  Marine  
  90  7:06  Marine x3  
  90  7:07  SCV  
  99  7:10  SCV  
  99  7:13  Supply Depot, Marine  
  99  7:14  Supply Depot  
  101  7:21  Barracks Reactor  
  101  7:22  Barracks Reactor  
  101  7:26  Marine, SCV x2  
  101  7:33  Barracks Tech Lab x2  
  101  7:34  Marine x4, Viking x2  
  101  7:35  Armory  
  101  7:36  SCV  
  110  7:50  Supply Depot x2, Marine  
  111  7:54  Command Center  
  111  7:59  Marauder x3  
  111  8:02  Combat Shield  
  111  8:03  Concussive Shells  
  117  8:07  Supply Depot  
  117  8:12  Marine x4, Siege Tank, SCV, Medivac x2  
  128  8:20  Marine  
  128  8:25  Marine  
  128  8:26  Marine  
  131  8:29  Marine  
  132  8:35  Marine x3  
  132  8:38  Marauder  
  134  8:42  Medivac x2  
  134  8:44  Marauder, Marine  
  134  8:47  Marine  
  139  8:52  Marine  
  139  8:53  Marine  
  141  8:58  Terran Infantry Armor Level 2, Terran Infantry Weapons Level 2  
  141  9:00  Supply Depot  
  141  9:01  Marine  
  141  9:03  Supply Depot  
  141  9:04  Supply Depot  
  141  9:06  Marine x4  
  133  9:13  Marine x2  
  133  9:14  Viking x2, Siege Tank  
  128  9:19  Marauder  
  128  9:24  Marauder, Marine  
  133  9:26  Marine x2  
  133  9:31  Marine x2  
  136  9:34  Planetary Fortress  
  137  9:41  Marauder, Marine  
  137  9:43  Marine  
  137  9:44  Marauder  
  143  9:48  Marine  
  144  9:52  Barracks  
  144  9:54  Barracks  
  144  9:55  Barracks  
  144  9:57  Marine x2  
  144  9:58  Siege Tank  
  144  9:59  Marine  
  150  10:01  Marine  
  150  10:02  Marauder  
  150  10:05  Marine  
  154  10:08  Marine  
  154  10:09  Viking x2  
  159  10:15  Marine  
  159  10:20  Marine x3  
  163  10:22  SCV x2  
  163  10:23  Marauder, SCV x2  
  169  10:34  Marauder x2  
  173  10:45  Marauder  
  173  10:47  Barracks Reactor, Barracks Tech Lab  
  173  10:48  Barracks Reactor  
  175  10:50  Supply Depot  
  175  10:51  Supply Depot, Medivac  
  175  10:52  Medivac  
  175  10:55  Marauder x2  
  183  11:01  Marine  
  183  11:02  Marine x2  
  186  11:06  Marauder  
  188  11:12  Marauder, Siege Tank  
  188  11:17  Marauder x2  
  193  11:26  Marine x6  
  193  11:28  Terran Infantry Weapons Level 3, Terran Infantry Armor Level 3  
  199  12:13  Command Center  
  199  12:18  Command Center  
  182  13:12  Marauder x4, Siege Tank  
  165  13:14  Medivac x2, Marine x8  
  177  13:22  SCV x3  
  180  13:32  Marine x4  
  180  13:33  Marauder x3  
  180  13:34  Marauder  
  154  13:43  Marine x4  
  154  13:44  Viking  
  154  13:45  Viking  
  95  13:49  Siege Tank  
  95  13:50  Marine x4  
  95  13:55  Marauder x4  
  100  13:59  Planetary Fortress  
  100  14:01  Marine x4  
  103  14:09  Marine x3  
  107  14:10  Sensor Tower  
  107  14:14  Viking  
  107  14:16  Marauder x3  
  115  14:20  Marine  
  115  14:21  Marine, Siege Tank  
  105  14:32  Marine x2  
  105  14:35  Command Center  
Tags
 
Add a new tag
Caveats
  • Supply blocks, unpowered buildings, or Contaminate may cause inaccurate times.
  • Supply counts are checked every 10 seconds.